 Dungeon Crawl Stone Soup version 0.23.0 (webtiles) character file.

Game seed: 12483120987085301804

1487 Kisielow the Insei (level 8, -2/61 HPs)
             Began as a Gnoll Transmuter on Feb 18, 2019.
             Was a Believer of Makhleb.
             Slain by an ice beast (5 damage)
             ... on level 6 of the Dungeon.
             The game lasted 00:10:01 (4241 turns).

Kisielow the Insei (Gnoll Transmuter)               Turns: 4241, Time: 00:10:02

Health: -2/61      AC:  2    Str: 14    XL:     8   Next: 80%
Magic:  15/17      EV: 25    Int: 17    God:    Makhleb [**....]
Gold:   125        SH:  0    Dex: 20    Spells: 7/19 levels left

rFire    . . .     SeeInvis .     - Unarmed
rCold    . . .     Gourm    .   (shield currently unavailable)
rNeg     . . .     Faith    .   (armour currently unavailable)
rPois    x         Spirit   .   (helmet currently unavailable)
rElec    .         Reflect  .   (cloak currently unavailable)
rCorr    .         Harm     .   (gloves currently unavailable)
MR       .....                  (boots currently unavailable)
Stlth    +.........             (no amulet)
HPRegen  0.20/turn              (no ring)
MPRegen  0.15/turn              (no ring)

@: spider-form (expiring), glowing
A: tiny, distributed training, strong nose
a: End Transformation, Minor Destruction, Renounce Religion


You were on level 6 of the Dungeon.
You worshipped Makhleb.
Makhleb was pleased with you.
You were hungry.
You were a venomous arachnid creature.
You visited 2 branches of the dungeon, and saw 7 of its levels.

You collected 125 gold pieces.

Inventory:

Hand Weapons
 j - a +1 hunting sling
 l - a +3 dagger of chaos (melded)
Missiles
 a - 67 arrows
 c - 123 stones (quivered)
Armour
 e - a +2 cloak (melded)
 g - a +0 helmet (melded)
 t - a +0 leather armour (melded)
Jewellery
 k - an uncursed ring of positive energy
Scrolls
 f - a scroll of noise {unknown}
 i - 2 scrolls of magic mapping {unknown}
 n - 3 scrolls of teleportation
 p - a scroll of blinking {unknown}
 r - 3 scrolls of remove curse
 s - 2 scrolls of identify
Potions
 b - 2 potions of heal wounds {unknown}
 h - a potion of brilliance
 m - 2 potions of lignification {unknown}
 o - a potion of degeneration {unknown}
 q - a potion of curing
Comestibles
 d - 7 rations
 u - 6 chunks of flesh


   Skills:
 + Level 4.4 Fighting
 + Level 3.5 Short Blades
 + Level 3.5 Long Blades
 + Level 3.5 Axes
 + Level 3.5 Maces & Flails
 + Level 3.5 Polearms
 + Level 3.5 Staves
 + Level 3.5 Slings
 + Level 3.5 Bows
 + Level 3.5 Crossbows
 + Level 3.5 Throwing
 + Level 3.5 Armour
 + Level 5.8 Dodging
 + Level 3.5 Stealth
 + Level 3.5 Shields
 + Level 7.5 Unarmed Combat
 + Level 6.2 Spellcasting
 + Level 2.9 Conjurations
 + Level 2.9 Hexes
 + Level 2.9 Charms
 + Level 2.9 Summonings
 + Level 2.9 Necromancy
 + Level 2.9 Translocations
 + Level 4.8 Transmutations
 + Level 2.9 Fire Magic
 + Level 2.9 Ice Magic
 + Level 2.9 Air Magic
 + Level 2.9 Earth Magic
 + Level 2.9 Poison Magic
 + Level 3.9 Invocations
 + Level 3.5 Evocations


You had 7 spell levels left.
You knew the following spells:

 Your Spells              Type           Power        Failure   Level  Hunger
a - Spider Form           Tmut/Pois      ###.......   21%         3    ##.....
b - Ice Form              Ice/Tmut       ###.....     47%         4    ####...
c - Blade Hands           Tmut           ###.......   65%         5    #####..

Your spell library contained the following spells:

 Spells                   Type           Power        Failure   Level  Hunger
 Beastly Appendage        Tmut           ###...       8%          1    None
 Sticks to Snakes         Tmut           ###.....     10%         2    None


Dungeon Overview and Level Annotations

Branches:
Dungeon (6/15)             Temple (1/1) D:5

Altars:
Ashenzari
Cheibriados
Dithmenos
Elyvilon
Fedhas
Gozag
Hepliaklqana
Kikubaaqudgha
Makhleb
Nemelex Xobeh
Okawaru
Qazlal
Ru
Sif Muna
Trog
Uskayaw
Vehumet
Wu Jian
Xom
Yredelemnul
Zin
The Shining One

Annotations:
D:6 Dowan


Innate Abilities, Weirdness & Mutations

Your experience applies equally to all skills.
((You have very sharp teeth.))
Your uncanny sense of smell can sniff out nearby items.


Message History

The puff of flame misses you.
The puff of flame hits Duvessa!
The ice beast completely misses you. Duvessa barely misses you.
You bite Duvessa!
You kill Duvessa!
Makhleb accepts your kill.
Dowan screams, "No!
Oh no!"
Dowan seems to find hidden reserves of power!
Dowan hits you with a +0 dagger.
* * * LOW HITPOINT WARNING * * *
You hit Dowan.
Dowan is poisoned.
Dowan is lightly wounded.
The ice beast completely misses you. Dowan hits you with a +0 dagger.
* * * LOW HITPOINT WARNING * * *
You closely miss Dowan.
Dowan is lightly wounded.
Your transformation is almost over.
The ice beast hits you.
* * * LOW HITPOINT WARNING * * *
The ice beast freezes you.
You die...

........#
####.......####
........:.......
................
.................
...............$..
.......)..........
.......s..........
......Ye."........
...!.............#
.................#
.................#
........<.)......#
.................#
.................#
.................#


You could see an ice beast and Dowan.

Vanquished Creatures
  Eustachio (D:4)
  Duvessa (D:6)
  3 ice beasts (D:5)
  A sky beast (D:5)
  A phantom (D:4)
  Blork the orc (D:6)
  A bullfrog (D:6)
  5 crimson imps
  2 orc priests (D:3)
  5 orc wizards
  Natasha (thrice) (D:3)
  4 worker ants
  3 gnolls (D:4)
  A howler monkey skeleton (D:4)
  3 adders
  A shadow imp (D:4)
  An ooze (D:5)
  An adder skeleton (D:4)
  A worm (D:6)
  A dart slug (D:2)
  3 leopard geckos
  12 orcs
  3 bats
  2 giant cockroaches
  4 goblins
  5 hobgoblins
  2 jackals (D:5)
  7 kobolds
  2 quokkas
  2 ball pythons
  12 frilled lizards
  A quokka zombie (D:5)
  10 rats
105 creatures vanquished.

Notes
Turn   | Place    | Note
-------+----------+-------------------------------------------
     0 | D:1      | Kisielow the Gnoll Transmuter began the quest for the Orb.
     0 | D:1      | Reached XP level 1. HP: 17/17 MP: 6/6
   105 | D:1      | Reached XP level 2. HP: 19/23 MP: 7/7
   709 | D:2      | Found a burning altar of Makhleb.
   718 | D:2      | Became a worshipper of Makhleb the Destroyer
  1044 | D:2      | Reached XP level 3. HP: 28/28 MP: 9/9
  1075 | D:2      | Reached skill level 5 in Spellcasting
  1209 | D:2      | Reached skill level 1 in Invocations
  1367 | D:3      | Learned a level 3 spell: Spider Form
  1428 | D:3      | Reached * piety under Makhleb
  1586 | D:3      | Noticed Natasha
  1601 | D:3      | Killed Natasha
  1601 | D:3      | Reached skill level 1 in Short Blades
  1601 | D:3      | Reached skill level 1 in Long Blades
  1601 | D:3      | Reached skill level 1 in Axes
  1601 | D:3      | Reached skill level 1 in Maces & Flails
  1601 | D:3      | Reached skill level 1 in Polearms
  1601 | D:3      | Reached skill level 1 in Staves
  1601 | D:3      | Reached skill level 1 in Slings
  1601 | D:3      | Reached skill level 1 in Bows
  1601 | D:3      | Reached skill level 1 in Crossbows
  1601 | D:3      | Reached skill level 1 in Throwing
  1601 | D:3      | Reached skill level 1 in Armour
  1601 | D:3      | Reached skill level 1 in Stealth
  1601 | D:3      | Reached skill level 1 in Shields
  1601 | D:3      | Reached skill level 1 in Evocations
  1601 | D:3      | Reached XP level 4. HP: 27/34 MP: 11/11
  1829 | D:3      | Reached skill level 1 in Conjurations
  1829 | D:3      | Reached skill level 1 in Hexes
  1829 | D:3      | Reached skill level 1 in Charms
  1829 | D:3      | Reached skill level 1 in Summonings
  1829 | D:3      | Reached skill level 1 in Necromancy
  1829 | D:3      | Reached skill level 1 in Translocations
  1829 | D:3      | Reached skill level 1 in Fire Magic
  1829 | D:3      | Reached skill level 1 in Ice Magic
  1829 | D:3      | Reached skill level 1 in Air Magic
  1829 | D:3      | Reached skill level 1 in Earth Magic
  1829 | D:3      | Reached skill level 1 in Poison Magic
  1829 | D:3      | Reached XP level 5. HP: 40/40 MP: 4/12
  1946 | D:3      | Found a shimmering altar of Xom.
  1986 | D:3      | Reached XP level 6. HP: 27/47 MP: 9/13
  2147 | D:3      | Noticed Natasha
  2164 | D:3      | Killed Natasha
  2310 | D:3      | Reached skill level 5 in Dodging
  2432 | D:3      | Noticed Natasha
  2447 | D:3      | Killed Natasha
  2874 | D:4      | Noticed a phantom
  2902 | D:4      | Reached ** piety under Makhleb
  2905 | D:4      | Killed a phantom
  2905 | D:4      | Reached XP level 7. HP: 34/52 MP: 9/15
  3160 | D:4      | Noticed Eustachio
  3173 | D:4      | Killed Eustachio
  3173 | D:4      | Reached skill level 7 in Unarmed Combat
  3326 | D:5      | Entered Level 5 of the Dungeon
  3351 | D:5      | Learned a level 4 spell: Ice Form
  3357 | D:5      | Learned a level 5 spell: Blade Hands
  3376 | D:5      | Found a staircase to the Ecumenical Temple.
  3381 | D:5      | Reached XP level 8. HP: 60/60 MP: 16/16
  3400 | Temple   | Entered the Ecumenical Temple
  4193 | D:6      | Noticed Blork the orc
  4202 | D:6      | Killed Blork the orc
  4223 | D:6      | Noticed Duvessa
  4224 | D:6      | Noticed Dowan
  4239 | D:6      | Killed Duvessa
  4241 | D:6      | HP: 3/61 [ice beast (5)]
  4241 | D:6      | Slain by an ice beast

Skill      XL: |  1  2  3  4  5  6  7  8 |
---------------+-------------------------+-----
Spellcasting   | 5 6 |  6.2
Invocations    | 1 2 3 |  3.9
Short Blades   | 1 2 3 |  3.5
Long Blades    | 1 2 3 |  3.5
Axes           | 1 2 3 |  3.5
Maces & Flails | 1 2 3 |  3.5
Polearms       | 1 2 3 |  3.5
Staves         | 1 2 3 |  3.5
Slings         | 1 2 3 |  3.5
Bows           | 1 2 3 |  3.5
Crossbows      | 1 2 3 |  3.5
Throwing       | 1 2 3 |  3.5
Armour         | 1 2 3 |  3.5
Stealth        | 1 2 3 |  3.5
Shields        | 1 2 3 |  3.5
Evocations     | 1 2 3 |  3.5
Conjurations   | 1 2 |  2.9
Hexes          | 1 2 |  2.9
Charms         | 1 2 |  2.9
Summonings     | 1 2 |  2.9
Necromancy     | 1 2 |  2.9
Translocations | 1 2 |  2.9
Fire Magic     | 1 2 |  2.9
Ice Magic      | 1 2 |  2.9
Air Magic      | 1 2 |  2.9
Earth Magic    | 1 2 |  2.9
Poison Magic   | 1 2 |  2.9
Fighting       | 3 4 |  4.4
Transmutations | 4 |  4.8
Dodging        | 5 |  5.8
Unarmed Combat | 7 |  7.5

Action                   |  1- 3 |  4- 6 |  7- 9 || total
-------------------------+-------+-------+-------++-------
Melee: Unarmed           |    65 |    96 |    51 ||   212
       Bite              |     8 |     7 |    14 ||    29
       Punch             |       |     5 |     4 ||     9
       Dagger            |       |    53 |   106 ||   159
 Fire: Hunting sling     |    52 |       |       ||    52
Throw: Stone             |     7 |       |       ||     7
 Cast: Beastly Appendage |     1 |       |       ||     1
       Spider Form       |     2 |     4 |     5 ||    11
  Use: Scroll            |     7 |       |       ||     7
       Potion            |     4 |       |       ||     4
 Stab: Sleeping          |     3 |       |     3 ||     6
       Paralysed         |       |     1 |     1 ||     2
       Confused          |       |       |     1 ||     1
  Eat: Chunk             |     2 |     4 |     5 ||    11
Armor: Robe              |     8 |       |       ||     8
       Leather armour    |    10 |    31 |    22 ||    63
       Skin              |       |     1 |     2 ||     3
Dodge: Dodged            |    53 |   106 |   115 ||   274
